 Dungeon Crawl Stone Soup version 0.19-a0-645-gfd18b6f (console) character file.

67 FoCheiMinh the Chopper (level 4, -2/35 HPs)
             Began as a Formicid Fighter on June 14, 2016.
             Was an Initiate of Cheibriados.
             Killed by nerve-wracking pain
             ... invoked by an orc priest
              (10 damage)
             ... on level 4 of the Dungeon.
             The game lasted 00:05:23 (2160 turns).

FoCheiMinh the Chopper (Formicid Fighter)           Turns: 2160, Time: 00:05:26

Health: -2/35      AC:  9    Str: 21    XL:     4   Next: 40%
Magic:  4/4        EV:  7    Int:  9    God:    Cheibriados [......]
Gold:   67         SH:  9    Dex: 12    Spells: 0 memorised, 3 levels left

rFire  . . .     SeeInvis +     a - +0 war axe
rCold  . . .     Gourm    .     b - +0 scale mail
rNeg   . . .     Faith    .     c - +0 shield
rPois  .         Spirit   .     (helmet unavailable)
rElec  .         Dismiss  .     (no cloak)
rCorr  .         Reflect  .     (no gloves)
SustAt .         Harm     .     r - +0 pair of boots
MR     .....                    (no amulet)
Stlth  ..........               (no ring)
                                m - +1 ring of protection

@: very slow, not resistant to hostile enchantments, extremely unstealthy
A: permanent stasis, dig shafts and tunnels, four strong arms, antennae 3
a: Dig, Shaft Self, Bend Time, Renounce Religion


You were on level 4 of the Dungeon.
You worshipped Cheibriados.
Cheibriados was noncommittal.
You were not hungry.

You visited 1 branch of the dungeon, and saw 4 of its levels.

You collected 67 gold pieces.

Inventory:

Hand Weapons
 a - a +0 war axe (weapon)
Missiles
 k - 6 poisoned needles
 o - 48 arrows
 q - 88 stones (quivered)
Armour
 b - a +0 scale mail (worn)
 c - a +0 shield (worn)
 n - a +0 chain mail
 r - a +0 pair of boots (worn)
Jewellery
 m - a +1 ring of protection (left hand)
Scrolls
 e - 5 scrolls of identify {unknown}
 j - 5 scrolls of teleportation {unknown}
 p - 2 scrolls of remove curse {unknown}
 t - a scroll of enchant armour {unknown}
 u - 2 scrolls of noise {unknown}
 y - a scroll of fear {unknown}
 C - a scroll of magic mapping {unknown}
Potions
 d - a potion of might
 g - a potion of lignification {unknown}
 i - 2 potions of brilliance {unknown}
 l - 3 potions of curing {unknown}
 s - a potion of cancellation {unknown}
 x - a potion of invisibility {unknown}
 z - a potion of haste {unknown}
 D - a potion of ambrosia {unknown}
Comestibles
 f - 4 bread rations
 h - 2 chunks of flesh
 v - 2 beef jerkies
 w - a fruit
 A - a royal jelly
 B - a slice of pizza


   Skills:
 - Level 3.2 Fighting
 + Level 4.3 Axes
 - Level 3.2 Armour
 - Level 3.6 Shields


You had 3 spell levels left.
You didn't know any spells.

Dungeon Overview and Level Annotations

Branches:
Dungeon (4/15)
 Temple: D:4-7

Altars:
Ashenzari
Cheibriados
Uskayaw


Innate Abilities, Weirdness & Mutations

You are under a permanent stasis effect.
You can dig through walls and to a lower floor.
Your four strong arms can wield two-handed weapons with a shield.
You have a pair of large antennae on your head. (SInv)


Message History

You kill the orc!
Cheibriados thoroughly appreciates the change of pace.
The orc priest hits you but does no damage.
The orc throws a tomahawk of returning.
The tomahawk of returning hits you but does no damage.
The weapon returns to the orc!
The orc priest mumbles some strange prayers to Beogh against you.
Pain shoots through your body!
The orc throws a tomahawk of returning.
The tomahawk of returning closely misses you.
Things that are here:
a tomahawk of returning; a dagger You barely miss the orc priest.
The orc priest barely misses you.
You closely miss the orc priest. You barely miss the orc.
You block the orc's attack.
The orc priest calls down the wrath of Beogh upon you.
Pain shoots through your body!
* * * LOW HITPOINT WARNING * * *
The orc priest invokes the aid of Beogh against you.
Pain shoots through your body!
You die...

..##...........#...
..##...##+####..... ...
........... ..... ....
..#######.# ...###...
..........####.......#
..............#......#
..............##.....#
..............##o....#.#
#...............@o.....+
#.รท..####.#######..#.#.#
##...####.# #.#
#........# .# #........#
. #............. ..
#...#.......... ..
#................ ...
##...............


You could see an orc priest and an orc.

Vanquished Creatures
  2 adders
  A worm (D:2)
  A giant gecko (D:3)
  2 orcs
  A ball python (D:2)
  4 bats
  3 giant cockroaches
  5 goblins
  4 hobgoblins
  4 jackals (D:1)
  5 kobolds
  2 giant newts
  8 rats
42 creatures vanquished.

Notes
Turn   | Place    | Note
--------------------------------------------------------------
     0 | D:1      | FoCheiMinh the Formicid Fighter began the quest for the Orb.
     0 | D:1      | Reached XP level 1. HP: 18/18 MP: 1/1
   329 | D:1      | Reached XP level 2. HP: 20/24 MP: 2/2
   796 | D:2      | Reached skill level 3 in Axes
   945 | D:2      | Reached XP level 3. HP: 29/29 MP: 3/3
  1029 | D:2      | Found a shattered altar of Ashenzari.
  1148 | D:2      | Found a hide-covered altar of Uskayaw.
  1736 | D:3      | Reached skill level 4 in Axes
  1736 | D:3      | Reached XP level 4. HP: 32/35 MP: 4/4
  2070 | D:4      | Found a snail-covered altar of Cheibriados.
  2078 | D:4      | Became a worshipper of Cheibriados the Contemplative
  2160 | D:4      | Killed from afar by an orc priest

Vault maps used:
D:1:      dpeg_arrival_chase
D:2:      lemuel_doored_altar, lemuel_crystal_altar, minmay_shallow_snake_nest
D:4:      overflow_temple_1_default, overflow_temple_1_default,
          nicolae_overflow_hidden_temple, cheibriados_altar_1, first_bread,
          minmay_close_crescents

Skill      XL: |  1  2  3 |
---------------+----------+-----
Axes           | 3 4 |  4.3
Fighting       | |  3.2
Armour         | |  3.2
Shields        | |  3.6

Action                   |  1- 3 |  4- 6 || total
-------------------------+-------+-------++-------
Melee: War axe           |   108 |    30 ||   138
  Eat: Chunk             |     3 |     1 ||     4
Armor: Scale mail        |    41 |    10 ||    51
Dodge: Dodged            |    20 |    11 ||    31
Block: Shield            |    75 |    13 ||    88
